 Dungeon Crawl Stone Soup version 0.27-a0-1513-g2aaa0cc67b (webtiles) character file.

Game seed: 13760748339122906679

1847 pokeman the Thaumaturge (level 8, 0/44 HPs)
             Began as a Deep Elf Hedge Wizard on July 9, 2021.
             Slain by a two-headed ogre (22 damage)
             ... on level 5 of the Dungeon.
             The game lasted 00:12:29 (6530 turns).

pokeman the Thaumaturge (Deep Elf Hedge Wizard)     Turns: 6530, Time: 00:12:30

Health: 0/44       AC:  4    Str:  7    XL:     8   Next: 88%
Magic:  6/24       EV: 12    Int: 22    God:
Gold:   189        SH:  0    Dex: 18    Spells: 16/27 levels left

rFire    + . .     SeeInvis .   y - +9 short sword of Temperance {freeze, rF+ Dex+4}
rCold    . . .     Faith    .   (no shield)
rNeg     . . .     Spirit   .   k - +0 troll leather armour {Purgy}
rPois    .         Reflect  .   c - +0 hat
rElec    .         Harm     .   (no cloak)
rCorr    .         Rampage  .   (no gloves)
Will     .....                  (no boots)
Stlth    ++........             (no amulet)
HPRegen  1.14/turn              (no ring)
MPRegen  0.19/turn              (no ring)

@: no status effects
A: no striking features
a: no special abilities


You were on level 5 of the Dungeon.
You visited 1 branch of the dungeon, and saw 5 of its levels.
You also visited: Sewer.

You collected 189 gold pieces.

Inventory:

Hand Weapons
 f - a +1 dagger of electrocution
 r - a +0 hand crossbow
 y - the +9 short sword of Temperance (weapon) {freeze, rF+ Dex+4}
   (You found it on level 4 of the Dungeon)

   It has been specially enchanted to freeze those struck by it, causing extra
   injury to most foes and up to half again as much damage against particularly
   susceptible opponents.
   It can also slow down cold-blooded creatures.
   Dex:       It affects your dexterity (+4).
   rF:        It protects you from fire.
 z - a +0 longbow
Missiles
 e - 118 arrows
 s - 11 bolts
Armour
 c - a +0 hat (worn)
 k - a +0 troll leather armour (worn) {Purgy}
 t - a +0 buckler
Jewellery
 i - an amulet of guardian spirit
Scrolls
 a - 6 scrolls of identify {unknown}
 g - 4 scrolls of blinking {unknown}
 j - 2 scrolls of teleportation {unknown}
 l - a scroll of fear {unknown}
 m - a scroll of vulnerability {unknown}
 p - a scroll of noise {unknown}
 u - 2 scrolls of silence {unknown}
 v - 2 scrolls of enchant armour {unknown}
 w - a scroll of immolation {unknown}
Potions
 b - 2 potions of curing {unknown}
 d - a potion of cancellation {unknown}
 h - a potion of lignification {unknown}
 n - 2 potions of flight {unknown}
 o - a potion of brilliance {unknown}
 q - 2 potions of heal wounds {unknown}
 x - a potion of berserk rage {unknown}
 A - a potion of mutation {unknown}


   Skills:
 - Level 2.1 Fighting
 + Level 2.9 Armour
 - Level 3.2 Dodging
 - Level 3.2 Stealth
 * Level 10.4 Spellcasting
 + Level 5.6 Conjurations
 - Level 1.1 Summonings
 - Level 1.1 Translocations
 + Level 4.6 Fire Magic
 - Level 1.0 Air Magic
 - Level 1.0 Poison Magic


You had 16 spell levels left.
You knew the following spells:

 Your Spells              Type           Power      Damage    Failure   Level
a - Magic Dart            Conj           100%       1d8       1%          1
b - Mephitic Cloud        Conj/Pois/Air  22%        N/A       9%          3
c - Call Imp              Summ           16%        N/A       9%          2
d - Blink                 Tloc           N/A        N/A       9%          2
e - Conjure Flame         Conj/Fire      34%        6-21      3%          3

Your spell library contained the following spells:

 Spells                   Type           Power      Damage    Failure   Level
 Slow                     Hex            11%        N/A       13%         2


Dungeon Overview and Level Annotations

Branches:
Dungeon (5/15)              Sewer (visited)
 Temple: D:4-7

Altars:
Elyvilon
Makhleb
Trog
Xom


Message History

The sky beast barely misses the two-headed ogre.
The sky beast closely misses itself.
Casting: Conjure Flame (dangerous; 3% risk of failure)
Confirm with . or Enter, or press ? or * to list all spells.
Aiming: Mephitic Cloud (dangerous; 9% risk of failure)
Press: ? - help, Shift-Dir - straight line, f - two-headed ogre
Aim: a two-headed ogre, wielding two +0 giant spiked clubs (lightly wounded, chance to affect: 53%)
The ball explodes into a vile cloud!
The stinking cloud engulfs the two-headed ogre but does no damage.
The two-headed ogre is lightly wounded.
The stinking cloud engulfs the sky beast but does no damage.
You hear a bellow! x2
The two-headed ogre is engulfed in noxious fumes.
Unknown command.
Unknown command.
The two-headed ogre is engulfed in blazing flames.
The sky beast is engulfed in noxious fumes.
The sky beast appears confused.
Casting: Mephitic Cloud (dangerous; 9% risk of failure)
Confirm with . or Enter, or press ? or * to list all spells.
A beastly little devil appears in a puff of frigid air.
The sky beast flickers out of sight!
Deactivating autopickup; reactivate with Ctrl-A.
The two-headed ogre is engulfed in blazing flames.
The two-headed ogre hits your white imp with a +0 giant spiked club!
The two-headed ogre hits your white imp with a +0 giant spiked club!!
Your white imp dies!
Casting: Call Imp (safe; 9% risk of failure)
Confirm with . or Enter, or press ? or * to list all spells.
A beastly little devil appears in a puff of flame.
The two-headed ogre is engulfed in blazing flames.
Unknown command.
You barely miss the two-headed ogre.
The two-headed ogre is severely wounded.
The two-headed ogre is engulfed in blazing flames.
The two-headed ogre hits you with a +0 giant spiked club!!
Ouch! That really hurt!
The two-headed ogre hits you with a +0 giant spiked club!!
Ouch! That really hurt!
You die...

#### #..## #...##
#....########## ###
##.#..####...###
#...######..#..###....###
#≈.○§O@.5##..###....###
#...#########..##..#...#.
..... ##..#..##.... ....
##....###... .##
##...###... #######...
##### #.# #.#


You could see a two-headed ogre (ally target) and a friendly crimson imp
(summoned).

Vanquished Creatures
  Pikel (D:4)
  Sigmund (D:5)
  Eustachio (D:4)
  2 black bears
  Purgy (Sewer)
  2 necrophages (D:4)
  An ogre (D:5)
  3 crimson imps (D:4)
  A bullfrog zombie (D:5)
  A gnoll shaman (D:5)
  An orc priest (D:4)
  3 hounds (D:5)
  3 iguanas
  A hound skeleton (D:4)
  5 gnolls (D:5)
  11 adders
  A river rat (D:3)
  A white imp (D:5)
  A worm (D:3)
  A dart slug (D:3)
  10 orcs
  5 bats
  8 endoplasms
  4 giant cockroaches
  7 goblins
  4 hobgoblins
  5 kobolds
  3 quokkas
  7 ball pythons
  10 frilled lizards
  2 rats (D:1)
107 creatures vanquished.

Vanquished Creatures (collateral kills)
  A river rat (D:3)
  A worm (D:3)
  A rat (D:3)
3 creatures vanquished.

Grand Total: 110 creatures vanquished

Notes
Turn   | Place    | Note
-------+----------+-------------------------------------------
     0 | D:1      | pokeman the Deep Elf Hedge Wizard began the quest for the
                  | Orb.
     0 | D:1      | Reached XP level 1. HP: 10/10 MP: 7/7
   608 | D:1      | Reached XP level 2. HP: 15/15 MP: 7/9
  1161 | D:1      | Reached skill level 5 in Spellcasting
  1569 | D:2      | Reached XP level 3. HP: 19/20 MP: 5/11
  1573 | D:2      | Learned a level 3 spell: Mephitic Cloud
  1576 | D:2      | Learned a level 2 spell: Call Imp
  1579 | D:2      | Learned a level 2 spell: Blink
  1583 | D:2      | Learned a level 3 spell: Conjure Flame
  1959 | D:2      | Reached skill level 1 in Fighting
  2398 | D:3      | Reached skill level 1 in Armour
  2415 | D:3      | Found a glowing drain.
  2455 | D:3      | Reached XP level 4. HP: 15/25 MP: 3/13
  2528 | Sewer    | Entered a sewer
  2535 | Sewer    | HP: 1/25 [adder (4)]
  2881 | Sewer    | Noticed Purgy
  2885 | Sewer    | Killed Purgy
  2886 | Sewer    | Reached skill level 6 in Spellcasting
  2886 | Sewer    | Reached skill level 1 in Fire Magic
  2886 | Sewer    | Reached XP level 5. HP: 25/29 MP: 10/15
  4191 | D:4      | Found a bloodstained altar of Trog.
  4191 | D:4      | Found a burning altar of Makhleb.
  4439 | D:4      | Reached skill level 1 in Poison Magic
  4439 | D:4      | Reached XP level 6. HP: 31/34 MP: 9/17
  4547 | D:4      | Reached skill level 7 in Spellcasting
  4634 | D:4      | Reached skill level 1 in Air Magic
  4638 | D:4      | Noticed Pikel
  4648 | D:4      | Killed Pikel
  4649 | D:4      | Reached skill level 8 in Spellcasting
  4649 | D:4      | Reached XP level 7. HP: 40/40 MP: 8/20
  4889 | D:4      | Found a shimmering altar of Xom.
  5140 | D:4      | Reached XP level 8. HP: 21/44 MP: 8/22
  5261 | D:4      | Reached skill level 9 in Spellcasting
  5338 | D:4      | Noticed Eustachio
  5357 | D:4      | Killed Eustachio
  5450 | D:4      | Identified the +9 short sword of Temperance {freeze, rF+
                  | Dex+4}
  5584 | D:4      | Found a white marble altar of Elyvilon.
  5747 | D:5      | Entered Level 5 of the Dungeon
  5750 | D:5      | Reached skill level 5 in Conjurations
  5999 | D:5      | Reached skill level 10 in Spellcasting
  6306 | D:5      | Noticed Sigmund
  6369 | D:5      | Killed Sigmund
  6519 | D:5      | Noticed a two-headed ogre
  6530 | D:5      | Slain by a two-headed ogre

Illustrated notes

Levels and vault maps discovered:
D:1:      eino_arrival_tree_alley, layout_basic, minmay_misc_feat_roman,
          minmay_misc_feat_rugged, wad_floor_pattern_untrapped,
          minmay_strange_pillars
D:2:      layout_loops_ring, serial_forest, infiniplex_forest_straight_4,
          infiniplex_forest_lined_4_way, infiniplex_forest_clump_curved,
          infiniplex_forest_end_2, infiniplex_forest_lined_2
D:3:      minmay_spotlight, layout_loops_corners, portal_sewer_entry_a
D:4:      layout_basic, nicolae_elyvilon_temple_path,
          gammafunk_temple_overflow_pools, led_xom_imps, uniq_eustachio,
          uniq_pikel
D:5:      layout_loops_ring, hangedman_glass_teeth, lightli_corner_chamber,
          uniq_sigmund, uniq_crazy_yiuf_cottage

Skill      XL: |  1  2  3  4  5  6  7  8 |
---------------+-------------------------+-----
Spellcasting   | 5 6 8 10 | 10.4
Fighting       | 1 2 |  2.1
Armour         | 1 2 |  2.9
Conjurations   | 2 3 4 5 |  5.6
Dodging        | 3 |  3.2
Fire Magic     | 1 2 3 4 |  4.6
Poison Magic   | 1 |  1.0
Stealth        | 3 |  3.2
Air Magic      | 1 |  1.0
Summonings     | |  1.1
Translocations | |  1.1

Action                   |  1- 3 |  4- 6 |  7- 9 || total
-------------------------+-------+-------+-------++-------
Melee: Dagger            |    10 |    24 |     6 ||    40
       Short sword       |       |       |    24 ||    24
 Cast: Magic Dart        |    96 |    99 |    90 ||   285
       Call Imp          |     3 |     1 |     2 ||     6
       Mephitic Cloud    |       |     3 |    13 ||    16
       Conjure Flame     |       |     3 |    12 ||    15
       Blink             |       |       |     1 ||     1
 Stab: Confused          |       |     2 |     2 ||     4
       Sleeping          |       |       |     1 ||     1
Armor: Robe              |     1 |       |       ||     1
       Leather armour    |     1 |     2 |       ||     3
       Troll leather arm |       |     9 |     3 ||    12
Dodge: Dodged            |    22 |    23 |    22 ||    67

Table legend: (Time is in decaauts)
 A = Elapsed time spent in this place.
 B = Non-inter-level travel time spent in this place.
 C = Inter-level travel time spent in this place.
 D = Time resting spent in this place.
 E = Time spent auto-exploring this place.
 F = Levels seen in this place.
 G = Mean time per level.
                   A        B        C        D        E       F      G
               +--------+--------+--------+--------+--------+-----+--------+
         Total |   6564 |   6460 |    104 |    614 |   4933 |   6 | 1094.0 |
       Dungeon |   6041 |   5937 |    104 |    295 |   4800 |   5 | 1208.2 |
         Sewer |    523 |    523 |      0 |    319 |    133 |   1 |  523.0 |
               +--------+--------+--------+--------+--------+-----+--------+

Top non-repeatable levels by time:
     D:4: 1646 daAuts
     D:1: 1408 daAuts
     D:3: 1281 daAuts
     D:2: 919 daAuts
     D:5: 785 daAuts
   Sewer: 523 daAuts
